MLB
MEXICO CITY PADRES @ CINCINNATI REDS
07/02/2041
 
TOP OF THE 1ST
Mexico City Padres batting - Pitching for Cincinnati Reds : RHP Sam Santos
Pitching: RHP Sam Santos
Batting: LHB Ángelo Martínez 0-0: Called Strike
0-1: Ball
1-1: Foul Ball, location: 3FF
1-2: Strikes out swinging
Batting: LHB Ethan Glenn 0-0: Called Strike
0-1: Ball
1-1: SOLO HOME RUN (Flyball, 9LD, EV 89.4 MPH), Distance : 335 ft
Batting: LHB Sancho Morán 0-0: Ball
1-0: Ball
2-0: Ball
3-0: Ground out 4-3 (Groundball, 34D, EV 88.8 MPH)
Batting: LHB Dwayne Charles 0-0: Ball
1-0: Called Strike
1-1: Ball
2-1: Ball
3-1: Base on Balls
Batting: RHB José Ramos 0-0: Ball
Dwayne Charles steals 2nd base (no throw)
1-0: Ball
2-0: Foul Ball, location: 23F
2-1: SINGLE (Groundball, 6MS, EV 84.4 MPH) (infield hit)
Dwayne Charles to third
Batting: RHB Ik-sung So 0-0: Ball
1-0: Ball
2-0: Ground out 5-3 (Groundball, 56S, EV 93.1 MPH)
Top of the 1st over - 1 run, 2 hits, 0 errors, 2 left on base; Mexico City 1 - Cincinnati 0
BOTTOM OF THE 1ST
Cincinnati Reds batting - Pitching for Mexico City Padres : RHP Norberto Juárez
Pitching: RHP Norberto Juárez
Batting: RHB Rudy Edwards 0-0: Ball
1-0: Ground out 6-3 (Groundball, 6D, EV 88.8 MPH)
Batting: RHB Jim House 0-0: Called Strike
0-1: Ball
1-1: Foul Ball, location: 9LSF
1-2: Ball
2-2: Ball
3-2: Base on Balls
Batting: LHB Jesús Nava 0-0: Called Strike
0-1: Fly out, F7 (Flyball, 78D, EV 105.0 MPH)
Batting: RHB Héctor Méndez 0-0: Ball
1-0: SINGLE (Line Drive, 89S, EV 101.3 MPH)
Jim House to second
Batting: SHB Joe Jones 0-0: Ball
1-0: Ground out U3 (Groundball, 34, EV 85.6 MPH)
Bottom of the 1st over - 0 runs, 1 hit, 0 errors, 2 left on base; Mexico City 1 - Cincinnati 0
TOP OF THE 2ND
Mexico City Padres batting - Pitching for Cincinnati Reds : RHP Sam Santos
Batting: LHB Ánibal Santos 0-0: Ball
1-0: Ball
2-0: Ball
3-0: Base on Balls
Batting: LHB Rubén Cruz 0-0: Ball
1-0: Swinging Strike
1-1: Ball
2-1: Swinging Strike
2-2: SINGLE (Groundball, 3D, EV 93.8 MPH)
Ánibal Santos to second
Runner from 2nd tries for 3rd, SAFE, throw by RF made to third
Batting: RHB José Piña 0-0: Ball
1-0: SINGLE (Groundball, 56, EV 100.6 MPH)
Ánibal Santos scores
Rubén Cruz to second
Batting: LHB Ángelo Martínez 0-0: Foul Ball, location: 9LMFF
0-1: Called Strike
0-2: Ball
1-2: Ball
2-2: Ball
3-2: Strikes out swinging
Batting: LHB Ethan Glenn 0-0: Called Strike
0-1: Ball
1-1: Swinging Strike
1-2: Ball
2-2: Ball
3-2: DOUBLE (Line Drive, 89XD, EV 108.1 MPH)
Rubén Cruz scores
José Piña to third
Runner from 3rd tries for Home, SAFE, throw by RF to trailing runner, SAFE at third!
Batting: LHB Sancho Morán 0-0: Ball
1-0: Called Strike
1-1: Fly out, F7 (Flyball, 7LS, EV 85.6 MPH)
Batting: LHB Dwayne Charles 0-0: Swinging Strike
0-1: Called Strike
0-2: Ball
1-2: Ball
2-2: Ball
3-2: Foul Ball, location: 2F
3-2: Base on Balls
Batting: RHB José Ramos 0-0: Foul Ball, location: 2LF
0-1: Foul Ball, location: 5FF
0-2: Strikes out looking and he ARGUES THE CALL AND IS TOSSED!
Top of the 2nd over - 3 runs, 3 hits, 0 errors, 2 left on base; Mexico City 4 - Cincinnati 0
BOTTOM OF THE 2ND
Cincinnati Reds batting - Pitching for Mexico City Padres : RHP Norberto Juárez
Now at 2B: Jesús García
Now at SS: José Piña
Batting: LHB Iván Ramos 0-0: Ball
1-0: Swinging Strike
1-1: DOUBLE (Line Drive, 89XD, EV 106.3 MPH)
Batting: LHB Arturo Patino 0-0: Ball
1-0: Ground out 4-3 (Groundball, 4M, EV 76.9 MPH)
Batting: RHB Jorge Ruíz 0-0: Foul Ball, location: 5F
0-1: Ball
1-1: Ball
2-1: 2-RUN HOME RUN (Flyball, 7D, EV 100.6 MPH), Distance : 386 ft
Batting: SHB Ron Anderson 0-0: Called Strike
0-1: Ball
1-1: Swinging Strike
1-2: Strikes out swinging
Batting: RHB Rudy Edwards 0-0: Ball
1-0: Ball
2-0: Ball
3-0: Called Strike
3-1: Foul Ball, location: 7LDF
3-2: SINGLE (Line Drive, 7S, EV 102.5 MPH)
Batting: RHB Jim House 0-0: Ball
1-0: Ball
Wild Pitch!
Rudy Edwards to second
2-0: Called Strike
2-1: Swinging Strike
2-2: Fly out, F7 (Flyball, 78D, EV 105.6 MPH)
Bottom of the 2nd over - 2 runs, 3 hits, 0 errors, 1 left on base; Mexico City 4 - Cincinnati 2
TOP OF THE 3RD
Mexico City Padres batting - Pitching for Cincinnati Reds : RHP Sam Santos
Batting: RHB Ik-sung So 0-0: SOLO HOME RUN (Line Drive, 9D, EV 100.6 MPH), Distance : 388 ft
Pitching: RHP Juan Salinas
Batting: LHB Ánibal Santos 0-0: Fly out, F8 (Flyball, 8RD, EV 108.1 MPH)
Batting: LHB Rubén Cruz 0-0: Called Strike
0-1: Ball
1-1: Ball
2-1: Swinging Strike
2-2: Strikes out swinging
Batting: RHB José Piña 0-0: Called Strike
0-1: Fly out, F8 (Flyball, 8RD, EV 108.1 MPH)
Top of the 3rd over - 1 run, 1 hit, 0 errors, 0 left on base; Mexico City 5 - Cincinnati 2
BOTTOM OF THE 3RD
Cincinnati Reds batting - Pitching for Mexico City Padres : RHP Norberto Juárez
Batting: LHB Jesús Nava 0-0: Ball
1-0: Fly out, F7 (Flyball, 78S, EV 88.8 MPH)
Batting: RHB Héctor Méndez 0-0: Ground out 6-3 (Groundball, 6, EV 90.6 MPH)
Batting: SHB Joe Jones 0-0: Fly out, F7 (Line Drive, 7, EV 91.3 MPH)
Bottom of the 3rd over - 0 runs, 0 hits, 0 errors, 0 left on base; Mexico City 5 - Cincinnati 2
TOP OF THE 4TH
Mexico City Padres batting - Pitching for Cincinnati Reds : RHP Juan Salinas
Batting: LHB Ángelo Martínez 0-0: SINGLE (Groundball, 4M, EV 101.9 MPH) (infield hit)
Batting: LHB Ethan Glenn 0-0: Bunt missed!
0-1: Ball
Ángelo Martínez steals 2nd base
1-1: Swinging Strike
1-2: Strikes out looking
Batting: LHB Sancho Morán 0-0: Ball
1-0: Foul Ball, location: 5F
1-1: Fly out, F9 (Flyball, 9D, EV 107.5 MPH)
Runner from 2nd tags up, SAFE at 3rd, no throw by RF
Batting: LHB Dwayne Charles 0-0: Called Strike
0-1: Ball
1-1: Swinging Strike
1-2: Ball
2-2: Foul Ball, location: 2F
2-2: Strikes out swinging
Top of the 4th over - 0 runs, 1 hit, 0 errors, 1 left on base; Mexico City 5 - Cincinnati 2
BOTTOM OF THE 4TH
Cincinnati Reds batting - Pitching for Mexico City Padres : RHP Norberto Juárez
Batting: LHB Iván Ramos 0-0: Ball
1-0: Called Strike
1-1: Ball
2-1: Ball
3-1: Called Strike
3-2: SINGLE (Line Drive, 56D, EV 103.8 MPH)
Batting: LHB Arturo Patino 0-0: Ball
1-0: Ball
2-0: Grounds into double play, 6-4-3 (Groundball, 6, EV 76.3 MPH)
Batting: RHB Jorge Ruíz 0-0: Ball
1-0: Called Strike
1-1: Foul Ball, location: 7LMF
1-2: Strikes out swinging
Bottom of the 4th over - 0 runs, 1 hit, 0 errors, 0 left on base; Mexico City 5 - Cincinnati 2
TOP OF THE 5TH
Mexico City Padres batting - Pitching for Cincinnati Reds : RHP Juan Salinas
Batting: RHB Jesús García 0-0: Fly out, F6 (Line Drive, 6, EV 68.8 MPH)
Batting: RHB Ik-sung So 0-0: Ball
1-0: Called Strike
1-1: Ball
2-1: Fly out, F8 (Flyball, 8LM, EV 96.3 MPH)
Batting: LHB Ánibal Santos 0-0: Called Strike
0-1: Foul Ball, location: 2F
0-2: Foul Ball, location: 3SF
0-2: Strikes out looking
Top of the 5th over - 0 runs, 0 hits, 0 errors, 0 left on base; Mexico City 5 - Cincinnati 2
BOTTOM OF THE 5TH
Cincinnati Reds batting - Pitching for Mexico City Padres : RHP Norberto Juárez
Batting: SHB Ron Anderson 0-0: Called Strike
0-1: Ball
1-1: Fly out, F7 (Flyball, 78S, EV 86.3 MPH)
Batting: RHB Rudy Edwards 0-0: Called Strike
0-1: SINGLE (Line Drive, 6MD, EV 101.3 MPH)
Batting: RHB Jim House 0-0: Ball
1-0: Foul Ball, location: 2F
1-1: Ball
2-1: Ball
3-1: Base on Balls
Rudy Edwards to second
Batting: LHB Jesús Nava 0-0: Called Strike
0-1: Ball
1-1: Called Strike
1-2: Strikes out swinging
Batting: RHB Héctor Méndez 0-0: Ball
1-0: Foul Ball, location: 2F
1-1: Fly out, F9 (Flyball, 9LD, EV 90.6 MPH)
Bottom of the 5th over - 0 runs, 1 hit, 0 errors, 2 left on base; Mexico City 5 - Cincinnati 2
TOP OF THE 6TH
Mexico City Padres batting - Pitching for Cincinnati Reds : RHP Juan Salinas
Batting: LHB Rubén Cruz 0-0: Foul Ball, location: 7LSF
0-1: Ball
1-1: Swinging Strike
1-2: Ball
2-2: Ground out 6-3 (Groundball, 6, EV 83.8 MPH)
Batting: RHB José Piña 0-0: Foul Ball, location: 25FF
0-1: Called Strike
0-2: Ball
1-2: SINGLE (Groundball, 34D, EV 101.3 MPH)
Batting: LHB Ángelo Martínez 0-0: Ball
1-0: Called Strike
1-1: Ball
2-1: Ball
3-1: Called Strike
3-2: Fly out, F7 (Flyball, 7LSF, EV 92.5 MPH)
Pitching: RHP Young-hwan Ko
Batting: LHB Ethan Glenn 0-0: Ball
1-0: Ball
2-0: Ball
3-0: Base on Balls
José Piña to second
Batting: LHB Sancho Morán 0-0: Foul Ball, location: 5SF
0-1: SINGLE (Line Drive, 4MD, EV 98.8 MPH)
José Piña to third
Ethan Glenn to second
Runner from 3rd tries for Home, SAFE, throw by CF to home
Batting: LHB Dwayne Charles 0-0: Called Strike
0-1: Called Strike
0-2: Ground out 4-3 (Groundball, 4, EV 108.1 MPH)
Top of the 6th over - 1 run, 2 hits, 0 errors, 2 left on base; Mexico City 6 - Cincinnati 2
BOTTOM OF THE 6TH
Cincinnati Reds batting - Pitching for Mexico City Padres : RHP Norberto Juárez
Batting: SHB Joe Jones 0-0: Ball
1-0: DOUBLE (Line Drive, 89D, EV 106.3 MPH)
Batting: LHB Iván Ramos 0-0: Ball
1-0: Swinging Strike
1-1: Swinging Strike
1-2: Foul Ball, location: 25F
1-2: Ball
2-2: Ball
3-2: 2-RUN HOME RUN (Flyball, 9D, EV 97.5 MPH), Distance : 372 ft
Batting: LHB Arturo Patino 0-0: Foul Ball, location: 23FF
0-1: Swinging Strike
0-2: DOUBLE (Line Drive, 78D, EV 105.0 MPH)
Batting: RHB Jorge Ruíz 0-0: Called Strike
0-1: Ball
1-1: Ball
2-1: Swinging Strike
2-2: 2-RUN HOME RUN (Flyball, 7LD, EV 91.9 MPH), Distance : 340 ft
Pitching: RHP Alfredo Hernández
Pinch Hitting: RHB Ed Jones 0-0: Called Strike
0-1: Swinging Strike
0-2: Strikes out swinging
Batting: RHB Rudy Edwards 0-0: Swinging Strike
0-1: Foul Ball, location: 5F
0-2: Strikes out swinging
Batting: RHB Jim House 0-0: Ball
1-0: Called Strike
1-1: Foul Ball, location: 9LDF
1-2: Strikes out swinging
Bottom of the 6th over - 4 runs, 4 hits, 0 errors, 0 left on base; Mexico City 6 - Cincinnati 6
TOP OF THE 7TH
Mexico City Padres batting - Pitching for Cincinnati Reds : RHP Young-hwan Ko
Now in LF: Migran Nesunts
Now in CF: Iván Ramos
Batting: RHB Jesús García 0-0: Ball
1-0: Foul Ball, location: 7LMF
1-1: Ball
2-1: Foul Ball, location: 9LSF
2-2: Ball
3-2: Ground out 3-1 (Groundball, 34, EV 76.3 MPH)
Batting: RHB Ik-sung So 0-0: Ball
1-0: Swinging Strike
1-1: Ground out 4-3 (Groundball, 4, EV 90.0 MPH)
Pitching: LHP Sergio Acuña
Batting: LHB Ánibal Santos 0-0: Ball
1-0: SINGLE (Groundball, 4D, EV 103.8 MPH)
Batting: LHB Rubén Cruz 0-0: Foul Ball, location: 2F
0-1: Foul Ball, location: 2F
0-2: Strikes out swinging, 2-3 out at first.
Top of the 7th over - 0 runs, 1 hit, 0 errors, 1 left on base; Mexico City 6 - Cincinnati 6
BOTTOM OF THE 7TH
Cincinnati Reds batting - Pitching for Mexico City Padres : RHP Alfredo Hernández
Batting: LHB Jesús Nava 0-0: Ball
1-0: Ball
2-0: Foul Ball, location: 23FF
2-1: Foul Ball, location: 2F
2-2: Fly out, F8 (Flyball, 8RD, EV 98.8 MPH)
Batting: RHB Héctor Méndez 0-0: Called Strike
0-1: Called Strike
0-2: Fly out, F9 (Flyball, 9S, EV 75.0 MPH)
Batting: SHB Joe Jones 0-0: Fly out, F6 (Line Drive, 6, EV 69.4 MPH)
Bottom of the 7th over - 0 runs, 0 hits, 0 errors, 0 left on base; Mexico City 6 - Cincinnati 6
TOP OF THE 8TH
Mexico City Padres batting - Pitching for Cincinnati Reds : LHP Sergio Acuña
Batting: RHB José Piña 0-0: Ball
1-0: Fly out, F3 (Popup, 3SF, EV 70.6 MPH)
Pinch Hitting: RHB Hikaru Nii 0-0: Called Strike
0-1: Ball
1-1: Ball
2-1: Ball
3-1: Foul Ball, location: 7LMF
3-2: Strikes out looking
Batting: LHB Ethan Glenn 0-0: Foul Ball, location: 5F
0-1: Ball
1-1: Called Strike
1-2: Ball
2-2: Ball
3-2: Ground out 4-3 (Groundball, 4, EV 76.3 MPH)
Top of the 8th over - 0 runs, 0 hits, 0 errors, 0 left on base; Mexico City 6 - Cincinnati 6
BOTTOM OF THE 8TH
Cincinnati Reds batting - Pitching for Mexico City Padres : RHP Alfredo Hernández
Now in LF: Hikaru Nii
Batting: LHB Iván Ramos 0-0: Foul Ball, location: 5F
0-1: Ground out 4-3 (Groundball, 4, EV 86.9 MPH)
Batting: LHB Arturo Patino 0-0: Ground out U3 (Groundball, 3, EV 85.0 MPH)
Batting: RHB Jorge Ruíz 0-0: Ball
1-0: Foul Ball, location: 3SF
1-1: Ball
2-1: Called Strike
2-2: SINGLE (Groundball, 6, EV 106.3 MPH)
Pinch Hitting: LHB Sandy Briggs 0-0: Called Strike
0-1: Called Strike
0-2: Ball
1-2: Strikes out swinging
Bottom of the 8th over - 0 runs, 1 hit, 0 errors, 1 left on base; Mexico City 6 - Cincinnati 6
TOP OF THE 9TH
Mexico City Padres batting - Pitching for Cincinnati Reds : LHP Sergio Acuña
Pitching: RHP Wilson Jiménez
Now in LF: Jesús Nava
Now in RF: Sandy Briggs
Batting: LHB Sancho Morán 0-0: Ball
1-0: Foul Ball, location: 2F
1-1: Foul Ball, location: 9LDF
1-2: Ball
2-2: Ball
3-2: Foul Ball, location: 5DF
3-2: SINGLE (Groundball, 34D, EV 99.4 MPH)
Batting: LHB Dwayne Charles 0-0: SINGLE (Groundball, 34D, EV 102.5 MPH)
Sancho Morán to second
Runner from 2nd tries for 3rd, SAFE, throw by RF made to third
Dwayne Charles to second
Batting: RHB Jesús García 0-0: Fly out, F7 (Flyball, 78S, EV 88.8 MPH)
Batting: RHB Ik-sung So 0-0: Ball
1-0: Called Strike
1-1: Called Strike
1-2: Ball
2-2: Ball
3-2: Foul Ball, location: 9LSF
3-2: Foul Ball, location: 9LDF
3-2: Foul Ball, location: 9LDF
3-2: Strikes out looking
Batting: LHB Ánibal Santos 0-0: Intentional Walk
Batting: LHB Rubén Cruz 0-0: Ball
1-0: Ball
2-0: Fly out, F7 (Flyball, 7LD, EV 109.4 MPH)
Top of the 9th over - 0 runs, 2 hits, 0 errors, 3 left on base; Mexico City 6 - Cincinnati 6
BOTTOM OF THE 9TH
Cincinnati Reds batting - Pitching for Mexico City Padres : RHP Alfredo Hernández
Batting: RHB Rudy Edwards 0-0: Ball
1-0: SINGLE (Groundball, 6MD, EV 105.0 MPH) (infield hit)
Batting: RHB Jim House 0-0: Fly out, F8 (Flyball, 8LD, EV 106.3 MPH)
Batting: LHB Jesús Nava 0-0: Ball
Rudy Edwards steals 2nd base
1-0: Intentional Walk
Batting: RHB Héctor Méndez 0-0: Called Strike
0-1: Ball
Wild Pitch!
Rudy Edwards to third
Jesús Nava to second
1-1: Fly out, F4 (Popup, 4, EV 66.3 MPH)
Pitching: RHP Willie Onslow
Batting: SHB Joe Jones 0-0: Called Strike
0-1: Ground out 1-3 (Groundball, 13S, EV 76.3 MPH)
Bottom of the 9th over - 0 runs, 1 hit, 0 errors, 2 left on base; Mexico City 6 - Cincinnati 6
TOP OF THE 10TH
Mexico City Padres batting - Pitching for Cincinnati Reds : RHP Wilson Jiménez
Rubén Cruz starts the inning at 2nd base.
Pitching: LHP Steve Vidito
Batting: RHB José Piña 0-0: Bunted foul
0-1: Foul Ball, location: 9LDF
0-2: Fly out, F9 (Line Drive, 9, EV 94.4 MPH)
Batting: RHB Hikaru Nii 0-0: Intentional Walk
Batting: LHB Ethan Glenn 0-0: Ball
1-0: Ground out U3 (Groundball, 34S, EV 64.4 MPH)
Rubén Cruz to third
Hikaru Nii to second
Batting: LHB Sancho Morán 0-0: Ground out 4-3 (Groundball, 34, EV 77.5 MPH)
Top of the 10th over - 0 runs, 0 hits, 0 errors, 2 left on base; Mexico City 6 - Cincinnati 6
BOTTOM OF THE 10TH
Cincinnati Reds batting - Pitching for Mexico City Padres : RHP Willie Onslow
Joe Jones starts the inning at 2nd base.
Batting: LHB Iván Ramos 0-0: Bunt - Flyout to 13! F1
Batting: LHB Arturo Patino 0-0: Intentional Walk
Batting: RHB Jorge Ruíz 0-0: Ball
1-0: Ball
2-0: Called Strike
2-1: Foul Ball, location: 2F
2-2: Foul Ball, location: 2F
2-2: Foul Ball, location: 5FF
2-2: Ball
3-2: Strikes out looking
Batting: LHB Sandy Briggs 0-0: Ball
1-0: Fly out, F5 (Popup, 5F, EV 78.1 MPH)
Bottom of the 10th over - 0 runs, 0 hits, 0 errors, 2 left on base; Mexico City 6 - Cincinnati 6
TOP OF THE 11TH
Mexico City Padres batting - Pitching for Cincinnati Reds : LHP Steve Vidito
Sancho Morán starts the inning at 2nd base.
Batting: LHB Dwayne Charles 0-0: Ball
1-0: Ball
2-0: Called Strike
2-1: Ball
3-1: Ground out 5-3 (Groundball, 5L, EV 87.5 MPH)
Batting: RHB Jesús García 0-0: Called Strike
0-1: Ball
1-1: Ball
2-1: Fly out, F8 (Flyball, 8RD, EV 96.9 MPH)
Batting: RHB Ik-sung So 0-0: Intentional Walk
Batting: LHB Ánibal Santos 0-0: Ball
1-0: Ball
2-0: Foul Ball, location: 2F
2-1: Ball
3-1: Called Strike
3-2: Foul Ball, location: 5SF
3-2: Ground out U3 (Groundball, 3L, EV 90.0 MPH)
Top of the 11th over - 0 runs, 0 hits, 0 errors, 2 left on base; Mexico City 6 - Cincinnati 6
BOTTOM OF THE 11TH
Cincinnati Reds batting - Pitching for Mexico City Padres : RHP Willie Onslow
Sandy Briggs starts the inning at 2nd base.
Batting: RHB Rudy Edwards 0-0: Sac Bunt to 15S - play at third, runner OUT! 1-6
Batting: RHB Jim House 0-0: Called Strike
0-1: Fly out, F8 (Flyball, 8RXD, EV 76.3 MPH)
Batting: LHB Jesús Nava 0-0: Ball
1-0: Ball
2-0: Called Strike
Rudy Edwards steals 2nd base
2-1: Intentional Walk
Batting: RHB Héctor Méndez 0-0: Swinging Strike
0-1: Foul Ball, location: 25F
0-2: Ball
1-2: Strikes out looking
Bottom of the 11th over - 0 runs, 0 hits, 0 errors, 2 left on base; Mexico City 6 - Cincinnati 6
TOP OF THE 12TH
Mexico City Padres batting - Pitching for Cincinnati Reds : LHP Steve Vidito
Ánibal Santos starts the inning at 2nd base.
Batting: LHB Rubén Cruz 0-0: Foul Ball, location: 25FF
0-1: Foul Ball, location: 2F
0-2: Strikes out swinging
Batting: RHB José Piña 0-0: Ball
1-0: Ground out 6-3 (Groundball, 6, EV 83.8 MPH)
Ánibal Santos to third
Batting: RHB Hikaru Nii 0-0: Intentional Walk
Batting: LHB Ethan Glenn 0-0: Called Strike
0-1: Swinging Strike
0-2: Ball
1-2: Strikes out looking
Top of the 12th over - 0 runs, 0 hits, 0 errors, 2 left on base; Mexico City 6 - Cincinnati 6
BOTTOM OF THE 12TH
Cincinnati Reds batting - Pitching for Mexico City Padres : RHP Willie Onslow
Héctor Méndez starts the inning at 2nd base.
Batting: SHB Joe Jones 0-0: Ball
1-0: Called Strike
1-1: Swinging Strike
1-2: Ball
2-2: Foul Ball, location: 25F
2-2: Ground out 4-3 (Groundball, 4, EV 89.4 MPH)
Héctor Méndez to third
Batting: LHB Iván Ramos 0-0: Fly out, F8 (Line Drive, 8LM, EV 105.6 MPH)
Batting: LHB Arturo Patino 0-0: Intentional Walk
Batting: RHB Jorge Ruíz 0-0: Ball
1-0: Fly out, F9 (Flyball, 9, EV 87.5 MPH)
Bottom of the 12th over - 0 runs, 0 hits, 0 errors, 2 left on base; Mexico City 6 - Cincinnati 6
TOP OF THE 13TH
Mexico City Padres batting - Pitching for Cincinnati Reds : LHP Steve Vidito
Ethan Glenn starts the inning at 2nd base.
Batting: LHB Sancho Morán 0-0: Ball
1-0: Ball
2-0: Foul Ball, location: 7LSF
2-1: Ball
3-1: Base on Balls
Batting: LHB Dwayne Charles 0-0: Ball
1-0: Ball
2-0: Ball
3-0: Called Strike
3-1: Called Strike
3-2: Base on Balls
Ethan Glenn to third
Sancho Morán to second
Batting: RHB Jesús García 0-0: Foul Ball, location: 25F
0-1: Ball
1-1: Grounds into double play, 6-2-3 (Groundball, 6, EV 89.4 MPH)
Sancho Morán to third
Dwayne Charles to second
Batting: RHB Ik-sung So 0-0: Intentional Walk
Batting: LHB Ánibal Santos 0-0: Swinging Strike
0-1: Ball
1-1: Called Strike
1-2: Foul Ball, location: 7LSF
1-2: Ball
2-2: Ball
3-2: SINGLE (Groundball, 6MD, EV 101.9 MPH)
Sancho Morán scores
Dwayne Charles to third
Ik-sung So to second
Dwayne Charles scores
Ik-sung So to third
Batting: LHB Rubén Cruz 0-0: Swinging Strike
0-1: Called Strike
0-2: SINGLE (Line Drive, 9S, EV 103.1 MPH)
Ik-sung So scores
Ánibal Santos to second
Runner from 2nd tries for 3rd, SAFE, no throw by RF
Batting: RHB José Piña 0-0: DOUBLE (Groundball, 5L, EV 98.1 MPH)
Ánibal Santos scores
Rubén Cruz to third
Pitching: RHP Bob Adams
Batting: RHB Hikaru Nii 0-0: Foul Ball, location: 5FF
0-1: Swinging Strike
0-2: Foul Ball, location: 2F
0-2: Foul Ball, location: 9LSF
0-2: Ball
1-2: Ball
2-2: Strikes out swinging
Top of the 13th over - 4 runs, 3 hits, 0 errors, 2 left on base; Mexico City 10 - Cincinnati 6
BOTTOM OF THE 13TH
Cincinnati Reds batting - Pitching for Mexico City Padres : RHP Willie Onslow
Jorge Ruíz starts the inning at 2nd base.
Batting: LHB Sandy Briggs 0-0: Ball
1-0: Ball
2-0: Swinging Strike
2-1: Ball
3-1: Foul Ball, location: 3F
3-2: Foul Ball, location: 2F
3-2: Foul Ball, location: 5F
3-2: Base on Balls
Pitching: RHP José Limón
Batting: RHB Rudy Edwards 0-0: Fly out, F7 (Flyball, 78M, EV 91.3 MPH)
Batting: RHB Jim House 0-0: Ball
1-0: Called Strike
1-1: Grounds into double play, 4-6-3 (Groundball, 4M, EV 96.9 MPH)
Bottom of the 13th over - 0 runs, 0 hits, 0 errors, 1 left on base; Mexico City 10 - Cincinnati 6
Sunday, March 24th , 2024 - OOTP Baseball 24.10 Build 82